 Dungeon Crawl Stone Soup version 0.30-b1-2-g02819fbbbe (webtiles) character file.

Game seed: 111786615680657723

51 baljet the Trooper (level 3, -2/34 HPs)
             Began as a Minotaur Fighter on May 15, 2023.
             Slain by Sigmund
             ... wielding a +0 scythe
              (9 damage)
             ... on level 2 of the Dungeon.
             The game lasted 00:02:24 (650 turns).

baljet the Trooper (Minotaur Fighter)                Turns: 650, Time: 00:02:25

Health: -2/34      AC:  9    Str: 22    XL:     3   Next: 58%
Magic:  2/2        EV:  8    Int:  5    God:
Gold:   77         SH:  4    Dex:  9    Spells: 2/2 levels left

rFire   . . .        a - +0 war axe
rCold   . . .        c - +0 buckler
rNeg    . . .        i - +0 chain mail
rPois   .            (helmet restricted)
rElec   .            (no cloak)
rCorr   .            (no gloves)
SInv    .            (no boots)
Will    .....        j - amulet of regeneration Stlth
                     (no ring)
HPRegen 1.05/turn    (no ring)
MPRegen 0.08/turn

%: no passive effects
@: no status effects
A: horns 2, retaliatory headbutt
a: no special abilities


You were on level 2 of the Dungeon.
You visited 1 branch of the dungeon, and saw 2 of its levels.

You collected 77 gold pieces.

Inventory:

Hand Weapons
 a - a +0 war axe (weapon)
Missiles
 b - 7 stones (quivered)
Armour
 c - a +0 buckler (worn)
 i - a +0 chain mail (worn)
Jewellery
 j - an amulet of regeneration (around neck)
Scrolls
 f - a scroll of amnesia
Potions
 d - a potion of might
 e - a potion of mutation {unknown}


   Skills:
 * Level 4.4 Fighting
 * Level 3.4 Axes
 + Level 4.0 Armour
 + Level 4.0 Shields


You had 2 spell levels left.
You didn't know any spells.
Your spell library was empty.

Dungeon Overview and Level Annotations

Branches:
Dungeon (2/15)

Altars:

Annotations:
D:2 Sigmund


Innate Abilities, Weirdness & Mutations

You have a pair of horns on your head.
You reflexively headbutt those who attack you in melee.


Message History

You slash the worm!
You kill the worm!
The ufetubus misses you.
The ufetubus hits you but does no damage.
Your Shields skill increases to level 4!
You closely miss the ufetubus. The ufetubus barely misses you.
You furiously retaliate!
You headbutt the ufetubus. You block the ufetubus's attack.
The dart slug launches a dart at you. The slug dart misses you.
Sigmund hits you but does no damage.
The ufetubus hits you but does no damage.
The ufetubus completely misses you.
You closely miss the ufetubus.
The ufetubus is lightly wounded.
You hit the hobgoblin. The ufetubus barely misses you. The ufetubus hits you.
The hobgoblin hits you but does no damage.
Sigmund hits you but does no damage.
The ufetubus hits you but does no damage. x2
The hobgoblin hits you but does no damage.
You barely miss the hobgoblin.
The hobgoblin is heavily wounded.
You barely miss the ufetubus. The ufetubus misses you.
The ufetubus barely misses you. You block the hobgoblin's attack.
Sigmund gestures wildly while chanting.
Sigmund flickers and vanishes!
Deactivating autopickup; reactivate with Ctrl-A.
The ufetubus closely misses you. The ufetubus barely misses you.
You hit the hobgoblin.
You kill the hobgoblin!
You slash the dart slug! You hit the ufetubus.
You kill the ufetubus!
The dart slug completely misses you.
You hear some strange, mumbled words.
A puff of flame appears from out of thin air!
The puff of flame hits you! Something hits you!
* * * LOW HITPOINT WARNING * * *
You block the dart slug's attack.
You hit something. You hit the dart slug. Something hits you!
You die...

#..... #.....
#....# #....#
##....#
#...?.#
#....†#
#...w)######
+...@......#
#..{#.$...##
.......#.###.#
.....#.#.# ..
.....#.#.# ##
.### ..#.#
###.# ..#


You could see a dart slug.

Vanquished Creatures
  An ufetubus (D:2)
  A worm (D:2)
  A dart slug (D:1)
  7 endoplasms (D:1)
  A giant cockroach (D:1)
  4 goblins (D:1)
  6 hobgoblins
  4 kobolds
  A quokka (D:1)
  A ball python (D:1)
  4 bats
  3 frilled lizards (D:1)
  3 rats (D:1)
37 creatures vanquished.

Notes
Turn   | Place    | Note
-------+----------+-------------------------------------------
     0 | D:1      | baljet the Minotaur Fighter began the quest for the Orb.
     0 | D:1      | Reached XP level 1. HP: 19/19 MP: 0/0
    63 | D:1      | Reached XP level 2. HP: 27/27 MP: 1/1
   504 | D:1      | Reached XP level 3. HP: 31/34 MP: 2/2
   641 | D:2      | Noticed Sigmund
   650 | D:2      | Slain by Sigmund

Illustrated notes

Levels and vault maps discovered:
D:1:      dpeg_arrival_fog, layout_basic, nrook_uturn
D:2:      layout_basic, hellmonk_ecumenical_altar_prayer_group, uniq_sigmund

Skill      XL: |  1  2  3 |
---------------+----------+-----
Fighting       | 4 |  4.4
Axes           | 3 |  3.4
Armour         | 4 |  4.0
Shields        | 4 |  4.0

Action                     || total
---------------------------++-------
  Melee: War axe           ||    66
         Headbutt          ||     7
    Use: Scroll            ||     4
 Armour: Scale mail        ||    18
         Chain mail        ||    28
  Dodge: Dodged            ||    30
  Block: Buckler           ||     7
